 Dungeon Crawl Stone Soup version 0.20-a0-1065-g8446734 (webtiles) character file.

1778 Vorshek the Grappler (level 9, -2/79 HPs)
             Began as a Ghoul Monk on Apr 28, 2017.
             Was a Priest of Wu Jian.
             Slain by a bullfrog (6 damage)
             ... on level 7 of the Dungeon.
             The game lasted 00:35:02 (4820 turns).

Vorshek the Grappler (Ghoul Monk)                   Turns: 4820, Time: 00:35:05

Health: -2/79      AC:  5    Str: 15    XL:     9   Next: 8%
Magic:  8/8        EV: 15    Int:  5    God:    Wu Jian [***...]
Gold:   331        SH:  0    Dex: 14    Spells: 8/8 levels left

rFire    . . .     SeeInvis .     - Unarmed
rCold    + . .     Gourm    .   (no shield)
rNeg     + + +     Faith    .   a - +2 robe
rPois    ∞         Spirit   .   (no helmet)
rElec    .         Reflect  .   (no cloak)
rCorr    .         Harm     .   (no gloves)
MR       .....                  c - +0 pair of boots
Stlth    ++........             (no amulet)
Regen    0.0/turn               (no ring)
MPRegen  0.2/turn               (no ring)

@: rotting
A: rotting body, claws 1, carnivore 3, cold resistance 1, negative energy
resistance 3, inhibited regeneration, torment resistance, unbreathing
a: Renounce Religion


You were on level 7 of the Dungeon.
You worshipped Wu Jian.
Wu Jian was most pleased with you.
You were not hungry.

You visited 2 branches of the dungeon, and saw 8 of its levels.
You also visited: Sewer.

You collected 331 gold pieces.

Inventory:

Armour
 a - a +2 robe (worn)
 c - a +0 pair of boots (worn)
Scrolls
 e - 2 scrolls of teleportation
 f - a scroll of remove curse
 j - a scroll of fog
 k - a scroll of magic mapping
Potions
 g - 2 potions of might
 h - a potion of lignification {unknown}
 l - 3 potions of flight
 m - 6 potions of heal wounds
 n - 3 potions of brilliance
 o - a potion of agility {unknown}
Comestibles
 b - 4 meat rations
 d - 3 royal jellies
 i - 2 chunks of flesh


   Skills:
 + Level 7.0 Fighting
 + Level 6.0 Dodging
 - Level 2.1 Stealth
 * Level 9.3 Unarmed Combat


You had 8 spell levels left.
You didn't know any spells.

Dungeon Overview and Level Annotations

Branches:
Dungeon (7/15)             Temple (1/1) D:6

Altars:
Cheibriados
Fedhas
Kikubaaqudgha
Okawaru
Qazlal
Ru
Sif Muna
Uskayaw
Vehumet
Wu Jian
Xom
Yredelemnul
Zin
The Shining One

Shops:
D:6 *


Innate Abilities, Weirdness & Mutations

Your body is rotting away.
You thrive on raw meat.
You are immune to poison.
You have sharp fingernails.
You are carnivorous and can eat meat at any time.
Your flesh is cold resistant. (rC+)
You are immune to negative energy. (rN+++)
You do not regenerate when monsters are visible.
You are immune to unholy pain and torment.
You can survive without breathing.


Message History

Eat one of 4 chunks of flesh? (ye/n/q)
You eat one of the 4 chunks of flesh.
This raw flesh tastes great!
Eat one of 3 chunks of flesh? (ye/n/q)
You eat one of the 3 chunks of flesh.
This raw flesh tastes great!
There is a stone staircase leading down here.
You climb downwards.
The bullfrog hits you. The centaur zombie misses you.
The two-headed ogre hits you with a giant spiked club!!!
The two-headed ogre closely misses you. The bullfrog hits you!
The centaur zombie barely misses you.
The shadow imp hits you but does no damage.
The bullfrog misses you.
There is a stone staircase leading up here.
You scratch the shadow imp.
The shadow imp is lightly wounded.
The two-headed ogre hits you with a giant spiked club!
* * * LOW HITPOINT WARNING * * *
The two-headed ogre hits you with a giant club!
* * * LOW HITPOINT WARNING * * *
The bullfrog hits you.
You die...

#. #. #. #. ##.##
##...#####
##.....Z..#
#..#.O@...#
#.#.#F5>.### ..
#....s.....#
..##.#..#...#.#######
....................#
...........(.........
#.....#.....#.....#.
#.###.#.###.#.###.#
#.....#.Z...#.....#


You could see a two-headed ogre, a bullfrog, a scorpion, a shadow imp and a
centaur zombie.

Vanquished Creatures
  Eustachio (D:4)
  A sky beast (D:5)
  A phantom (D:4)
  A necrophage (D:6)
  3 big kobolds (Sewer)
  The ghost of Paps the Sneak, an amateur SpAs of Dithmenos (D:4)
  4 bullfrogs (D:6)
  A scorpion (D:4)
  A howler monkey (D:5)
  A crimson imp (D:6)
  A hound (D:6)
  A jelly (D:7)
  7 orc wizards
  Jessica (D:3)
  An iguana (D:7)
  2 worker ants
  A hound skeleton (D:4)
  9 river rats
  7 adders
  3 shadow imps
  2 oozes
  3 worms
  3 dart slugs
  3 leopard geckos
  23 orcs
  5 ball pythons
  5 giant cockroaches
  10 goblins
  3 hobgoblins
  10 jackals
  3 quokkas
  5 bats
  4 frilled lizards
  19 kobolds
  A leopard gecko skeleton (D:5)
  A quokka skeleton (D:5)
  24 rats
172 creatures vanquished.

Notes
Turn   | Place    | Note
-------+----------+-------------------------------------------
     0 | D:1      | Vorshek the Ghoul Monk began the quest for the Orb.
     0 | D:1      | Reached XP level 1. HP: 19/19 MP: 0/0
   117 | D:1      | Reached XP level 2. HP: 24/26 MP: 1/1
   473 | D:1      | Reached XP level 3. HP: 22/31 MP: 2/2
   781 | D:2      | Reached skill level 4 in Unarmed Combat
   889 | D:2      | Reached XP level 4. HP: 35/40 MP: 3/3
   975 | D:2      | You fall through a shaft for 2 floors!
  1056 | D:3      | Noticed Jessica
  1086 | D:3      | Killed Jessica
  1086 | D:3      | Reached XP level 5. HP: 22/46 MP: 4/4
  1521 | D:3      | Reached skill level 5 in Unarmed Combat
  1560 | D:3      | Found a snail-covered altar of Cheibriados.
  1756 | D:3      | Reached XP level 6. HP: 43/53 MP: 5/5
  1857 | D:3      | Found a faded altar of an unknown god.
  2292 | D:4      | Noticed a phantom
  2311 | D:4      | Killed a phantom
  2311 | D:4      | Reached skill level 6 in Unarmed Combat
  2346 | D:4      | Noticed Paps's ghost (amateur SpAs)
  2368 | D:4      | Killed Paps's ghost
  2368 | D:4      | Reached skill level 5 in Fighting
  2368 | D:4      | Reached XP level 7. HP: 48/61 MP: 6/6
  2430 | D:4      | Noticed Eustachio
  2655 | D:4      | Killed Eustachio
  2745 | D:5      | Entered Level 5 of the Dungeon
  2879 | D:5      | Reached skill level 7 in Unarmed Combat
  3196 | D:5      | Reached skill level 5 in Dodging
  3215 | D:5      | Reached XP level 8. HP: 36/70 MP: 7/7
  3732 | D:6      | Found a staircase to the Ecumenical Temple.
  3741 | Temple   | Entered the Ecumenical Temple
  3772 | Temple   | Became a worshipper of the Wu Jian Council
  3772 | Temple   | Reached * piety under Wu Jian
  3772 | Temple   | Reached ** piety under Wu Jian
  3800 | D:6      | Reached skill level 8 in Unarmed Combat
  3835 | D:6      | Found Edick's General Store.
  3912 | D:6      | Found a glowing drain.
  3933 | Sewer    | Entered a sewer
  4206 | Sewer    | Reached *** piety under Wu Jian
  4585 | D:6      | Reached skill level 9 in Unarmed Combat
  4715 | D:6      | Reached XP level 9. HP: 67/78 MP: 8/8
  4783 | D:7      | Noticed a two-headed ogre
  4820 | D:7      | Slain by a bullfrog

Vault maps used:
D:1:      lemuel_arrival_hallway
D:2:      first_bread
D:3:      lemuel_crystal_altar, chequers_ecumenical_altar_lobes, uniq_jessica
D:4:      uniq_eustachio
D:6:      temple_statues, portal_sewer_entry_a, serial_shops, shop
D:7:      hangedman_cross_stitches, uniq_prince_ribbit1
Temple:   grunt_wide_crystal_templ
Sewer:    sewer_minmay_treatment

Skill      XL: |  1  2  3  4  5  6  7  8  9 |
---------------+----------------------------+-----
Dodging        | 3 4 5 6 |  6.0
Unarmed Combat | 4 5 6 7 9 |  9.3
Fighting       | 4 5 6 7 |  7.0
Stealth        | |  2.1

Action                   |  1- 3 |  4- 6 |  7- 9 || total
-------------------------+-------+-------+-------++-------
Melee: Unarmed           |   103 |   164 |   325 ||   592
       Punch             |       |       |     5 ||     5
  Use: Potion            |     2 |       |       ||     2
       Scroll            |     1 |     7 |     6 ||    14
 Stab: Sleeping          |     3 |     4 |     2 ||     9
  Eat: Chunk             |     9 |    14 |    30 ||    53
Armor: Robe              |    16 |    24 |    68 ||   108
Dodge: Dodged            |    77 |    93 |   192 ||   362
